 Dungeon Crawl Stone Soup version 0.28.0-45-g0d030f2227 (webtiles) character file.

Game seed: 8670589168323829749

1040 russomatroso the Covert (level 8, -3/41 HPs)
             Began as a Vampire Enchanter on Apr 19, 2022.
             Slain by a gnoll
             ... wielding a +0 halberd
              (5 damage)
             ... on level 5 of the Dungeon.
             The game lasted 00:17:27 (4792 turns).

russomatroso the Covert (Vampire Enchanter)         Turns: 4792, Time: 00:17:28

Health: -3/41      AC:  2    Str:  7    XL:     8   Next: 4%
Magic:  14/14      EV: 12    Int: 19    God:
Gold:   186        SH:  0    Dex: 15    Spells: 8/16 levels left

rFire   . . .      SeeInvis +   a - +1 dagger
rCold   + + .      Faith    .   (no shield)
rNeg    + + +      Spirit   .   b - +0 robe
rPois   ∞          Reflect  .   (no helmet)
rElec   .          Harm     .   (no cloak)
rCorr   .          Rampage  .   (no gloves)
Will    .....                   (no boots)
Stlth   ++++++....              (no amulet)
HPRegen 0.00/turn               (no ring)
MPRegen 0.14/turn               (no ring)

@: bloodless, inhibited regen
A: bloodless, fangs 3, see invisible, vampiric 2
a: Bat Form, Revivify


You were on level 5 of the Dungeon.
You visited 1 branch of the dungeon, and saw 5 of its levels.

You collected 186 gold pieces.

Inventory:

Hand Weapons
 a - a +1 dagger (weapon)
 u - the +8 spear of the Thieving Pariah {vorpal, rF+ rN+}
   (You found it on level 4 of the Dungeon)

   It inflicts extra damage upon your enemies.
   rF:        It protects you from fire.
   rN:        It protects you from negative energy.
Armour
 b - a +0 robe (worn)
 s - a +0 pair of boots
Jewellery
 f - a ring of ice
Wands
 p - a wand of iceblast (7)
 x - a wand of mindburst (9)
Scrolls
 d - a scroll of holy word
 g - a scroll of amnesia
 h - a scroll of immolation {unknown}
 i - a scroll of vulnerability {unknown}
 j - 2 scrolls of teleportation
 l - 3 scrolls of enchant weapon
 n - a scroll of blinking {unknown}
 q - 2 scrolls of identify
 v - a scroll of magic mapping {unknown}
Potions
 c - a potion of invisibility
 e - a potion of degeneration {unknown}
 k - a potion of haste
 m - a potion of lignification {unknown}
 o - a potion of curing {unknown}
 r - 2 potions of might {unknown}
 t - a potion of attraction {unknown}
 w - a potion of heal wounds {unknown}


   Skills:
 + Level 5.1 Short Blades
 - Level 2.1 Dodging
 + Level 8.6 Stealth
 + Level 4.6 Spellcasting
 + Level 8.0 Hexes


You had 8 spell levels left.
You knew the following spells:

 Your Spells              Type           Power      Damage    Failure   Level
a - Ensorcelled Hibernat  Hex/Ice        38%        N/A       3%          2
b - Confusing Touch       Hex            34%        N/A       1%          3
c - Tukima's Dance        Hex            34%        N/A       1%          3

Your spell library contained the following spells:

 Spells                   Type           Power      Damage    Failure   Level
 Dazzling Flash           Conj/Hex       38%        N/A       8%          3
 Corpse Rot               Necr/Air       8%         N/A       21%         2
 Poisonous Vapours        Pois/Air       8%         N/A       21%         2
 Anguish                  Hex/Necr       9%         N/A       24%         4
 Spider Form              Tmut/Pois      4%         N/A       36%         3


Dungeon Overview and Level Annotations

Branches:
Dungeon (5/15)
 Temple: D:4-7

Altars:

Annotations:
D:3 2 transporters, 101zpm's ghost, amateur DjIE


Innate Abilities, Weirdness & Mutations

You do not regenerate when monsters are visible.
You are frail without blood (-20% HP).
You can heal yourself when you bite living creatures.
You are immune to poison.
You have razor-sharp teeth.
You have supernaturally acute eyesight. (SInv)
You are afflicted with vampirism and can become a bat while bloodless.


Message History

An orc comes into view. It is wielding a +0 club.
An orc comes into view. It is wielding a +0 club.
The helpless orc fails to defend itself.
You bite the orc, and draw its blood! You stick the orc like a pincushion!!!
You kill the orc!
Things that are here:
a +0 dagger; an orc corpse The helpless orc fails to defend itself.
You bite the orc, and draw its blood! You stick the orc like a pincushion!!!
You kill the orc!
The helpless orc fails to defend itself.
You bite the orc, and draw its blood! You perforate the orc like a sieve!!!
You kill the orc!
Things that are here:
a +0 club; a +0 leather armour; an orc corpse
Things that are here:
a +0 club; an orc corpse
Things that are here:
a +0 dagger; an orc corpse
Found 14 stones.
Found 29 stones.
You see here 29 stones. 2 gnolls come into view.
You see here a +0 chain mail.
Found 5 gold pieces.
Found a twisted gold wand.
Found 17 arrows.
You now have 186 gold pieces (gained 5).
x - a wand of mindburst (9) 3 gnolls come into view.
The gnoll shouts! x2
The gnoll barely misses you.
The gnoll hits you from afar with a +0 halberd!
A gnoll shaman comes into view. It is wielding a +0 whip.
The gnoll hits you from afar with a +0 spear.
The gnoll hits you with a +0 whip!
The gnoll hits you from afar with a +0 halberd!
* * * LOW HITPOINT WARNING * * *
The gnoll hits you from afar with a +0 halberd.
You die...

#### ### ##..####.## ######
#....##...# #..#..
#.........# #>....
#.........# #.....
#........## #.....
####.......# #....
#.gg@.....### # ##...
###.g........##.###....
#gg.g............#.....
#...................#.....
##.............##.........
..........................
#..........................
##.....##........##.......#
.......#...#...###.##.....


You could see a gnoll shaman and 5 gnolls.

Vanquished Creatures
  2 ogres
  2 centaurs (D:5)
  A bullfrog (D:4)
  3 scorpions
  5 hounds
  A centaur skeleton (D:5)
  An orc priest (D:5)
  An iguana (D:5)
  An orc wizard (D:3)
  Terence (D:3)
  A hound skeleton (D:4)
  5 gnolls
  3 adders
  A white imp (D:5)
  3 dart slugs
  19 orcs
  5 bats
  9 endoplasms
  2 giant cockroaches
  4 hobgoblins
  5 kobolds
  6 quokkas
  2 ball pythons
  4 frilled lizards
  2 goblins
  7 rats
96 creatures vanquished.

Notes
Turn   | Place    | Note
-------+----------+-------------------------------------------
     0 | D:1      | russomatroso the Vampire Enchanter began the quest for the
                  | Orb.
     0 | D:1      | Reached XP level 1. HP: 13/13 MP: 3/3
   194 | D:1      | Found a faded altar of an unknown god.
   245 | D:1      | Reached XP level 2. HP: 19/19 MP: 5/5
   969 | D:2      | Learned a level 2 spell: Ensorcelled Hibernation
  1061 | D:2      | Reached skill level 5 in Stealth
  1061 | D:2      | Gained mutation: You are afflicted with vampirism and can
                  | become a bat while bloodless. [Vampire growth]
  1061 | D:2      | Reached XP level 3. HP: 19/19 MP: 6/6
  1095 | D:2      | Reached skill level 5 in Hexes
  1331 | D:2      | You fall into a shaft and drop 1 floor!
  1612 | D:3      | Noticed Terence
  1622 | D:3      | Killed Terence
  1623 | D:3      | Reached XP level 4. HP: 12/24 MP: 4/7
  1668 | D:3      | Noticed 101zpm's ghost (amateur DjIE)
  1669 | D:3      | Found a transporter.
  1845 | D:3      | Found a transporter.
  2088 | D:3      | Reached XP level 5. HP: 15/28 MP: 0/9
  2481 | D:2      | Learned a level 3 spell: Confusing Touch
  2485 | D:2      | Learned a level 3 spell: Tukima's Dance
  3060 | D:4      | Reached XP level 6. HP: 18/32 MP: 3/11
  3733 | D:4      | Identified the +8 spear of the Thieving Pariah {vorpal, rF+
                  | rN+}
  3993 | D:5      | Entered Level 5 of the Dungeon
  3997 | D:5      | Reached XP level 7. HP: 36/36 MP: 12/12
  4565 | D:5      | Reached skill level 5 in Short Blades
  4565 | D:5      | Reached XP level 8. HP: 41/41 MP: 12/14
  4791 | D:5      | HP: 2/41 [gnoll/+0 halberd (14)]
  4792 | D:5      | Slain by a gnoll

Illustrated notes

Levels and vault maps discovered:
D:1:      kilobyte_arrival_exit_the_forest, layout_basic,
          hellmonk_ecumenical_altar_crossroads
D:2:      layout_rooms, minmay_tetromino_t2
D:3:      layout_basic, gammafunk_ghost_mausoleum, minmay_misc_feat_nine_boxes,
          uniq_terence
D:4:      layout_basic
D:5:      minmay_inner_zag, layout_cave_pools

Skill      XL: |  1  2  3  4  5  6  7 |
---------------+----------------------+-----
Stealth        | 5 6 7 8 |  8.6
Short Blades   | 2 3 4 5 |  5.1
Hexes          | 5 6 8 |  8.0
Spellcasting   | 3 4 |  4.6
Dodging        | |  2.1

Action                   |  1- 3 |  4- 6 |  7- 9 || total
-------------------------+-------+-------+-------++-------
Melee: Dagger            |    88 |    69 |    41 ||   198
       Bite              |     5 |     6 |     3 ||    14
       Punch             |     1 |     1 |       ||     2
 Cast: Ensorcelled Hiber |     6 |    28 |    14 ||    48
       Confusing Touch   |       |       |     2 ||     2
 Abil: Exsanguinate      |     1 |       |       ||     1
  Use: Scroll            |     3 |     1 |       ||     4
 Stab: Sleeping          |    25 |    30 |    16 ||    71
       Confused          |       |       |     2 ||     2
Armor: Robe              |    32 |     6 |     4 ||    42
Dodge: Dodged            |    58 |    45 |    20 ||   123
